 Dungeon Crawl Stone Soup version 0.24.0-1-gfbc8707122 (webtiles) character file.

Game seed: 15007130504693232441, levelgen mode: deterministic

168436 Mrkan the Severer (level 17, -9/162 HPs)
             Began as a Minotaur Fighter on Oct 27, 2019.
             Was the Champion of Ashenzari.
             Mangled by a guardian serpent (16 damage)
             ... on level 4 of the Snake Pit.
             The game lasted 01:35:01 (37580 turns).

Mrkan the Severer (Minotaur Fighter)               Turns: 37580, Time: 01:35:01

Health: -9/162     AC: 27    Str: 21    XL:     17   Next: 33%
Magic:  16/16      EV: 17    Int:  5    God:    Ashenzari [******]
Gold:   1835       SH: 16    Dex: 17    Spells: 14/16 levels left

rFire    . . .     SeeInvis +   U - +4 broad axe (chop) (curse)
rCold    + . .     Gourm    .   i - +2 shield {reflect} (curse)
rNeg     + . .     Faith    .   T - +7 chain mail of the Undertaker {rElec rN+} (curse)
rPois    +         Spirit   .   (helmet restricted)
rElec    +         Reflect  +   z - +0 cloak {rPois}
rCorr    .         Harm     .   (no gloves)
MR       +....     Clarity  +   I - +0 pair of boots (curse)
Stlth    ..........             e - amulet of regeneration
HPRegen  0.77/turn              x - +3 ring of protection
MPRegen  0.15/turn              h - ring of protection from cold

@: lethally poisoned (-9 -> -11), about to teleport, very slightly contaminated,
invisible
A: retaliatory headbutt, horns 2
a: Curse Item, Scrying, Transfer Knowledge, Renounce Religion


You were on level 4 of the Snake Pit.
You worshipped Ashenzari.
Ashenzari was exalted by your worship.
You were not hungry.

You visited 4 branches of the dungeon, and saw 27 of its levels.

You collected 2462 gold pieces.
You spent 627 gold pieces at shops.

Inventory:

Hand Weapons
 D - a +1 scimitar of flaming
 U - a cursed +4 broad axe of chopping (weapon)
Missiles
 g - 9 curare-tipped darts (quivered)
Armour
 i - a cursed +2 shield of reflection (worn)
 z - a +0 cloak of poison resistance (worn)
 B - a +3 plate armour of fire resistance
 I - a cursed +0 pair of boots (worn)
 T - the cursed +7 chain mail of the Undertaker (worn) {rElec rN+}
   (You found it on level 3 of the Lair of Beasts)

   It insulates you from electricity.
   It protects you from negative energy.
   It has a curse placed upon it.
Jewellery
 a - a +3 ring of dexterity
 e - an amulet of regeneration (around neck)
 h - a ring of protection from cold (right hand)
 x - a +3 ring of protection (left hand)
 y - an uncursed ring of protection from fire
 C - the ring "Sejyas" {Wiz Slay+2}
   (You found it on level 9 of the Dungeon)

   [ring of wizardry]

   It improves your spell success rate.
   It affects your accuracy and damage with ranged weapons and melee attacks
   (+2).
 E - an uncursed ring of protection from cold
Wands
 d - a wand of iceblast (45)
 k - a wand of scattershot (5)
 r - a wand of paralysis (56)
 s - a wand of acid (25)
 G - a wand of enslavement (6)
 H - a wand of polymorph (5)
 J - a wand of digging (4)
 Q - a wand of flame (54)
Scrolls
 c - a scroll of acquirement
 j - 4 scrolls of magic mapping
 m - 13 scrolls of teleportation
 n - 3 scrolls of remove curse
 o - 2 scrolls of immolation
 p - a scroll of fear {unknown}
 q - 5 scrolls of identify
 v - 6 scrolls of amnesia
 F - a scroll of silence
 L - a scroll of blinking
 N - 2 scrolls of fog
 Y - 3 scrolls of vulnerability
Potions
 b - 3 potions of cancellation
 l - 5 potions of curing
 t - a potion of berserk rage
 u - 4 potions of flight
 w - 4 potions of brilliance
 A - 2 potions of lignification
 K - 2 potions of mutation
 M - 3 potions of magic
 P - 3 potions of ambrosia
 S - 2 potions of agility
Comestibles
 f - 43 rations


   Skills:
 + Level 17.5 Fighting
 - Level 1.4 Long Blades
 * Level 19.5(23.1) Axes
 + Level 16.8 Armour
 + Level 14.1 Dodging
 - Level 12.7(15.3) Shields


You had 14 spell levels left.
You knew the following spells:

 Your Spells              Type           Power        Failure   Level  Hunger
a - Song of Slaying       Chrm           #.......     98%         2    ###....

Your spell library contained the following spells:

 Spells                   Type           Power        Failure   Level  Hunger
 Animate Skeleton         Necr           N/A          94%         1    ##.....
 Corona                   Hex            #......      94%         1    ##.....
 Infusion                 Chrm           #...         94%         1    ##.....
 Magic Dart               Conj           #...         94%         1    ##.....
 Pain                     Necr           #...         94%         1    ##.....
 Poisonous Vapours        Pois/Air       #.....       98%         2    ###....
 Searing Ray              Conj           #.....       98%         2    ###....
 Shroud of Golubria       Chrm/Tloc      #.....       98%         2    ###....
 Slow                     Hex            #.......     98%         2    ###....
 Conjure Flame            Conj/Fire      #.......     100%        3    ####...
 Dazzling Spray           Conj/Hex       #.....       100%        3    ####...
 Inner Flame              Hex/Fire       #.......     100%        3    ####...
 Mephitic Cloud           Conj/Pois/Air  #.......     100%        3    ####...
 Portal Projectile        Hex/Tloc       #.....       100%        3    ####...
 Regeneration             Chrm/Necr      #.........   100%        3    ####...
 Spectral Weapon          Hex/Chrm       #.......     100%        3    ####...
 Vampiric Draining        Necr           #.........   100%        3    ####...
 Animate Dead             Necr           N/A          100%        4    #####..
 Cause Fear               Hex            #.........   100%        4    #####..
 Force Lance              Conj/Tloc      #.......     100%        4    #####..
 Fulminant Prism          Conj/Hex       #.........   100%        4    #####..
 Iskenderun's Mystic Bla  Conj           #.......     100%        4    #####..
 Leda's Liquefaction      Hex/Erth       #.........   100%        4    #####..
 Freezing Cloud           Conj/Ice/Air   #.........   100%        6    #######
 Ring of Flames           Chrm/Fire      #.........   100%        7    #######


Dungeon Overview and Level Annotations

Branches:
Dungeon (15/15)            Temple (0/1) D:6            Lair (6/6) D:8
 Shoals (0/4) Lair:3        Snake (4/4) Lair:2        Slime (0/5) Lair:6
    Orc (2/2) D:9             Elf (0/3) Orc:2        Vaults (0/5) D:13
 Depths (0/5) D:15

Altars:
Ashenzari
Cheibriados
Dithmenos
Elyvilon
Fedhas
Gozag
Hepliaklqana
Kikubaaqudgha
Makhleb
Qazlal
Ru
Trog
Uskayaw
Xom
Zin
Beogh
Jiyva

Shops:
D:6 !   D:10 (:   D:11 *   Orc:2 *:(   Snake:2 }}=   Snake:4 ?

Annotations:
Lair:4 1 runed translucent door, Fiha's ghost, journeyman VSTm
Snake:1 1 runed translucent door, TuffENuff's ghost, adept FoFi
Snake:3 3 runed translucent doors, exclusion: obsidian statue, Pachemp's ghost, journeyman GnWr
Orc:2 2 transporters, FluffyRalsei's ghost, journeyman MfSk


Innate Abilities, Weirdness & Mutations

You reflexively headbutt those who attack you in melee.
You have a pair of horns on your head.


Message History

* * * LOW HITPOINT WARNING * * *
You feel sick. The naga mage barely misses you. You furiously retaliate!
You headbutt the naga mage, but do no damage.
The naga mage barely misses you. You block the naga mage's attack.
The naga sharpshooter spits poison at you.
Your cursed +2 shield of reflection reflects the splash of poison!
The splash of poison hits the naga sharpshooter.
The naga sharpshooter completely resists.
The naga mage misses you. You furiously retaliate!
You headbutt the naga mage, but do no damage.
The naga mage completely misses you.
You feel sick.
You block the guardian serpent's attack.
The naga mage hits you but does no damage.
The naga sharpshooter shoots a bolt.
You reflect the bolt off your cursed +2 shield of reflection!
The bolt hits the naga sharpshooter!!
The naga mage hits you but does no damage.
The guardian serpent hits you!
You die...

...........##
#............##.N
............#
##...........##...
............#
#....N......##{S..
............# #.....#....##{
..
............####(...#....##{
#,
.........#...##....N....##,
* ,
.............##N..N.....#,,
* ,
.............N[S.(.#..#.{,
*,, , ................@.##
.# {,,* , ,
..........(..?....# *
..*,,,* .)......)).N#)#...#
.* ,* ,,
###.....).#)#)#..##* ** ,
♣.##....)))##.##... , ,, * ,
...#.#######...##### *, * ,
<.♣*, *##.## ** * *** * ,
...# ,,,,#...#, , , * ,
♣.##,* ,,...#... , ,* **


You could see 2 naga warriors, a nagaraja, a naga sharpshooter, a guardian
serpent and 2 naga magi.

Vanquished Creatures
  Frances (D:13)
  Kirke (D:15)
  Donald (Orc:2)
  5 nagarajas
  An orc warlord (Orc:2)
  Josephine (Lair:5)
  13 naga warriors
  2 vault guards (D:13)
  6 hydras
  A rakshasa (D:15)
  8 anacondas
  A merfolk avatar (Lair:6)
  A catoblepas (D:14)
  A centaur warrior (D:14)
  A two-headed ogre (shapeshifter) (D:15)
  5 two-headed ogres
  8 death yaks
  A tengu warrior (D:12)
  An orc high priest (Orc:2)
  12 naga sharpshooters
  Sonja (D:11)
  Nergalle (Lair:4)
  9 shock serpents
  4 salamander mystics
  An unseen horror (shapeshifter) (D:15)
  5 naga ritualists
  3 unseen horrors
  3 wizards
  A deep elf archer (D:12)
  Pikel (D:4)
  9 mana vipers
  A harpy (Lair:6)
  7 orc knights
  2 necromancers
  4 deep elf magi
  3 orc sorcerers (Orc:2)
  2 manticores
  13 salamanders
  5 ugly things
  2 cyclopes
  10 elephants
  31 black mambas
  7 guardian serpents
  Maurice (D:11)
  A torpor snail (Lair:5)
  A centaur skeleton (D:15)
  A guardian serpent (shapeshifter) (D:12)
  20 naga magi
  7 spiny frogs
  A gargoyle (D:11)
  2 efreet
  2 komodo dragons (shapeshifter) (D:15)
  2 kobold demonologists
  4 rime drakes
  9 komodo dragons
  5 polar bears
  8 trolls
  A wolf spider simulacrum (D:15)
  5 hornets
  23 slime creatures
  3 blink frogs (Lair:3)
  9 hippogriffs
  A redback (D:12)
  A shadow (D:12)
  45 yaks
  Eustachio (D:4)
  2 water elementals (D:13)
  A tarantella (shapeshifter) (D:15)
  A centaur simulacrum (D:12)
  4 wraiths
  2 wyverns
  Grum (D:11)
  5 hogs (D:15)
  20 humans (D:13)
  A hungry ghost (D:10)
  5 vampire mosquitoes (D:15)
  12 wargs
  Menkaure (D:7)
  2 acid dragons
  50 nagas
  A soldier ant (D:9)
  14 water moccasins
  4 porcupines
  A swamp drake (Lair:4)
  46 orc warriors
  3 eyes of draining
  4 ice beasts
  6 sky beasts
  11 ogres
  A necrophage (D:12)
  An elephant zombie (Lair:3)
  2 phantoms
  5 boggarts (D:15)
  A centaur (shapeshifter) (D:15)
  47 wolves
  20 crocodiles
  14 centaurs
  A big kobold (D:14)
  A komodo dragon zombie (Lair:3)
  20 bullfrogs
  A gnoll sergeant (D:12)
  2 wyvern skeletons
  5 scorpions
  8 wights
  7 howler monkeys
  5 electric eels
  11 crimson imps
  3 centaur zombies
  A quasit (D:12)
  A basilisk zombie (Lair:3)
  3 hounds
  6 jellies
  11 orc priests
  3 bullfrog skeletons
  11 worker ants
  3 hell rats (Lair:6)
  An iguana (D:4)
  14 orc wizards
  A killer bee zombie (D:5)
  3 hound skeletons
  Robin (D:2)
  17 adders
  11 gnolls
  4 river rats (Lair:6)
  5 shadow imps
  An adder zombie (D:8)
  An adder skeleton (D:5)
  3 worms
  4 dart slugs
  7 leopard geckos
  58 orcs
  4 giant cockroaches
  21 goblins
  7 hobgoblins
  6 jackals
  11 kobolds
  6 quokkas
  2 ball pythons
  11 bats
  6 frilled lizards
  A giant cockroach zombie (D:5)
  A jackal skeleton (D:7)
  A leopard gecko skeleton (D:6)
  A quokka zombie (D:6)
  14 rats
  2 fungi
  A plant (Lair:4)
966 creatures vanquished.

Vanquished Creatures (others)
  A naga sharpshooter (Snake:1)
  A naga (Snake:4)
  A centaur (D:15)
  An adder (D:4)
  9 fungi
  16 plants
29 creatures vanquished.

Grand Total: 995 creatures vanquished

Notes
Turn   | Place    | Note
-------+----------+-------------------------------------------
     0 | D:1      | Mrkan the Minotaur Fighter began the quest for the Orb.
     0 | D:1      | Reached XP level 1. HP: 19/19 MP: 0/0
    76 | D:1      | Reached XP level 2. HP: 27/27 MP: 1/1
   269 | D:1      | Reached skill level 3 in Axes
   912 | D:2      | Identified the cursed +0 helmet of Midsummer {+Inv rPois
                  | rF- rCorr}
   912 | D:2      | Noticed Robin
   915 | D:2      | Reached XP level 3. HP: 31/33 MP: 2/2
   917 | D:2      | Killed Robin
  1040 | D:2      | Reached XP level 4. HP: 39/40 MP: 3/3
  1356 | D:2      | Reached skill level 4 in Axes
  1477 | D:2      | HP: 2/41 [poisoned by a worker ant]
  1485 | D:2      | HP: 1/41 [poisoned by a worker ant]
  2132 | D:3      | Reached XP level 5. HP: 45/47 MP: 4/4
  2163 | D:3      | Found a shattered altar of Ashenzari.
  2230 | D:3      | Became a worshipper of Ashenzari the Shackled
  2949 | D:4      | Reached skill level 5 in Axes
  2953 | D:4      | Noticed an ice beast
  2964 | D:4      | Killed an ice beast
  2964 | D:4      | Reached skill level 5 in Fighting
  2964 | D:4      | Reached skill level 5 in Armour
  2964 | D:4      | Reached skill level 5 in Shields
  2964 | D:4      | Reached XP level 6. HP: 32/56 MP: 5/5
  3176 | D:4      | Noticed Eustachio
  3224 | D:4      | Killed Eustachio
  3224 | D:4      | Reached skill level 6 in Axes
  3255 | D:4      | Reached XP level 7. HP: 47/61 MP: 6/6
  3466 | D:4      | Found a burning altar of Makhleb.
  3466 | D:4      | Found a shimmering altar of Xom.
  3676 | D:4      | Noticed Pikel
  3684 | D:4      | Killed Pikel
  3684 | D:4      | Reached skill level 7 in Axes
  3684 | D:4      | Reached XP level 8. HP: 32/71 MP: 7/7
  4102 | D:5      | Entered Level 5 of the Dungeon
  4105 | D:5      | Found a hide-covered altar of Uskayaw.
  4140 | D:5      | Reached skill level 8 in Axes
  4443 | D:5      | Found a bloodstained altar of Trog.
  4450 | D:5      | Found an ancient bone altar of Kikubaaqudgha.
  4450 | D:5      | Found a hazy altar of Hepliaklqana.
  4681 | D:5      | Found a glowing silver altar of Zin.
  4682 | D:5      | Noticed an angel
  4798 | D:5      | Reached skill level 9 in Axes
  5498 | D:6      | Reached XP level 9. HP: 79/79 MP: 8/8
  5499 | D:6      | Found Ittafouno's Distillery.
  5513 | D:6      | Bought 2 potions of curing for 90 gold pieces
  5513 | D:6      | Bought a potion of lignification for 45 gold pieces
  5513 | D:6      | Bought a potion of heal wounds for 75 gold pieces
  5535 | D:6      | Reached * piety under Ashenzari
  5539 | D:6      | Found a staircase to the Ecumenical Temple.
  5999 | D:7      | Noticed a two-headed ogre
  6022 | D:7      | Killed a two-headed ogre
  6022 | D:7      | Reached skill level 10 in Axes
  6291 | D:7      | Noticed Menkaure
  6301 | D:7      | Killed Menkaure
  6518 | D:7      | Found a snail-covered altar of Cheibriados.
  6688 | D:7      | Found a sacrificial altar of Ru.
  6829 | D:8      | Reached skill level 11 in Axes
  6835 | D:8      | Reached XP level 10. HP: 46/90 MP: 9/9
  6857 | D:8      | Found a staircase to the Lair.
  7673 | D:9      | Identified the ring "Sejyas" {Wiz Slay+2}
  7734 | D:9      | Reached ** piety under Ashenzari
  8143 | D:9      | Reached skill level 12 in Axes
  8260 | D:9      | Reached XP level 11. HP: 75/99 MP: 10/10
  8284 | D:9      | Found a staircase to the Orcish Mines.
  8297 | D:9      | Found a sacrificial altar of Ru.
  8340 | D:9      | Noticed a two-headed ogre
  8663 | D:9      | Killed a two-headed ogre
  8663 | D:9      | Reached skill level 10 in Armour
  8663 | D:9      | Reached skill level 10 in Shields
  8969 | D:9      | Reached skill level 10 in Fighting
  8981 | D:9      | Reached skill level 13 in Axes
  9261 | D:10     | Entered Level 10 of the Dungeon
  9265 | D:10     | Paralysed by a hornet for 3 turns
  9336 | D:10     | Found Fadghyr's Book Emporium.
  9635 | D:10     | Found Tiri's Antique Weapon Boutique.
  9994 | Lair:1   | Entered Level 1 of the Lair of Beasts
  9994 | Lair:1   | Reached *** piety under Ashenzari
 10065 | Lair:1   | Reached skill level 1 in Long Blades
 11481 | Lair:2   | Reached **** piety under Ashenzari
 12034 | Lair:2   | Found a staircase to the Snake Pit.
 12814 | Lair:3   | Noticed a necromancer
 12825 | Lair:3   | Reached XP level 12. HP: 81/110 MP: 11/11
 13102 | Lair:3   | Identified the +7 chain mail of the Undertaker {rElec rN+}
 13156 | Lair:3   | Reached skill level 14 in Axes
 13380 | Lair:3   | Found a white marble altar of Elyvilon.
 13485 | Lair:3   | Found a staircase to the Shoals.
 13651 | Lair:3   | Reached ***** piety under Ashenzari
 13999 | Lair:4   | Noticed an eight-headed hydra
 14007 | Lair:4   | Killed a two-headed hydra
 14020 | Lair:4   | Noticed Nergalle
 14041 | Lair:4   | Killed Nergalle
 14492 | Lair:4   | Found a runed translucent door.
 14492 | Lair:4   | Found a shimmering altar of Xom.
 14492 | Lair:4   | Noticed Fiha's ghost (journeyman VSTm)
 15402 | Lair:5   | Noticed a death yak
 15405 | Lair:5   | Noticed a death yak
 15408 | Lair:5   | Noticed a death yak
 15414 | Lair:5   | Noticed a death yak
 15415 | Lair:5   | Killed a death yak
 15425 | Lair:5   | Killed a death yak
 16500 | Lair:4   | Killed a death yak
 16704 | Lair:5   | Killed a death yak
 16704 | Lair:5   | Reached skill level 15 in Axes
 16768 | Lair:5   | Noticed Josephine
 16789 | Lair:5   | Killed Josephine
 16789 | Lair:5   | Reached XP level 13. HP: 74/119 MP: 12/12
 19038 | Lair:6   | Entered Level 6 of the Lair of Beasts
 19097 | Lair:6   | Reached skill level 1 in Dodging
 19410 | Lair:6   | Found a staircase to the Slime Pits.
 19419 | Lair:6   | Found a viscous altar of Jiyva.
 20490 | Lair:6   | Reached skill level 5 in Dodging
 20788 | Lair:6   | Identified the cursed +1 quarterstaff "Fauhap" {freeze,
                  | Fragile +Inv Int+2 Dex+3}
 20888 | Lair:5   | Reached skill level 16 in Axes
 22245 | Lair:6   | Reached XP level 14. HP: 118/132 MP: 13/13
 22593 | Orc:1    | Entered Level 1 of the Orcish Mines
 23218 | Orc:2    | Entered Level 2 of the Orcish Mines
 23684 | Orc:2    | Noticed Donald
 23703 | Orc:2    | Killed Donald
 23787 | Orc:2    | Noticed FluffyRalsei's ghost (journeyman MfSk)
 23807 | Orc:2    | Found a transporter.
 23810 | Orc:2    | Found a transporter.
 24259 | Orc:2    | Found a staircase to the Elven Halls.
 24298 | Orc:2    | Noticed an orc warlord
 24320 | Orc:2    | Paralysed by an orc sorcerer for 2 turns
 24523 | Orc:2    | Killed an orc warlord
 25033 | Orc:2    | Found a roughly hewn altar of Beogh.
 25165 | Orc:2    | Found Ysehivvu's Antique Armour Shoppe.
 25192 | Orc:2    | Found Yduss's Antique Weapon Shoppe.
 25224 | Orc:2    | Found Doivuis's General Store.
 25231 | Orc:2    | Bought a scroll of teleportation for 45 gold pieces
 25231 | Orc:2    | Bought a scroll of enchant armour for 112 gold pieces
 25239 | Orc:2    | Found Yzxi's Book Shoppe.
 25276 | Orc:2    | Found a shimmering altar of Xom.
 26314 | D:11     | Found Ygosuhad's General Store.
 26328 | D:11     | Bought an uncursed ring of poison resistance for 260 gold
                  | pieces
 26467 | D:11     | Noticed Sonja
 26467 | D:11     | Noticed Maurice
 26468 | D:11     | Reached ****** piety under Ashenzari
 26471 | D:11     | Noticed Grum
 26479 | D:11     | Killed Maurice
 26490 | D:11     | Killed Grum
 26490 | D:11     | Reached skill level 10 in Dodging
 26497 | D:11     | Killed Sonja
 26959 | D:12     | Reached skill level 15 in Fighting
 28560 | D:13     | Reached XP level 15. HP: 132/141 MP: 14/14
 28704 | D:13     | Found a gate to the Vaults.
 28706 | D:13     | Paralysed by a wizard for 2 turns
 28858 | D:13     | Noticed Frances
 28875 | D:13     | Killed Frances
 30018 | D:15     | Entered Level 15 of the Dungeon
 30087 | D:15     | Reached skill level 15 in Armour
 30113 | D:15     | Found a blossoming altar of Fedhas.
 30494 | D:15     | Found a stormy altar of Qazlal.
 31273 | D:15     | Found a staircase to the Depths.
 31489 | D:15     | Found a shadowy altar of Dithmenos.
 31515 | D:15     | Reached skill level 17 in Axes
 31699 | D:15     | Noticed Kirke
 31713 | D:15     | Killed Kirke
 32045 | Snake:1  | Entered Level 1 of the Snake Pit
 33012 | Snake:1  | Reached XP level 16. HP: 151/151 MP: 15/15
 33016 | Snake:1  | Found a runed translucent door.
 33018 | Snake:1  | Noticed TuffENuff's ghost (adept FoFi)
 33894 | Snake:2  | HP: 7/152 [naga warrior/+0 halberd (2)]
 33899 | Snake:2  | HP: 7/228 [naga warrior/+0 halberd (5)]
 34373 | Snake:2  | Reached skill level 18 in Axes
 35095 | Snake:2  | Paralysed by a naga mage for 5 turns
 35123 | Snake:2  | Identified a scroll of acquirement
 35202 | Snake:2  | Learned a level 2 spell: Song of Slaying
 35287 | Snake:2  | Found Ulan's Jewellery Shop.
 35287 | Snake:2  | Found Muocye's Gadget Shoppe.
 35288 | Snake:2  | Found Moigef's Gadget Shoppe.
 35861 | Snake:3  | Found a runed translucent gate.
 35862 | Snake:3  | Found a runed translucent gate.
 35862 | Snake:3  | Found an opulent altar of Gozag.
 35863 | Snake:3  | Found a runed translucent gate.
 35896 | Snake:3  | Identified the +1 leather armour of Hedge Wizardry {Int+2
                  | Dex+3 SInv}
 36125 | Snake:3  | Identified the +10 quarterstaff of Niukyopn {protect, rN+}
 36460 | Snake:3  | Reached skill level 19 in Axes
 36651 | Snake:3  | Noticed Pachemp's ghost (journeyman GnWr)
 36722 | Snake:4  | Entered Level 4 of the Snake Pit
 37009 | Snake:4  | Reached XP level 17. HP: 161/161 MP: 16/16
 37481 | Snake:4  | Found Rytesu's Magic Scroll Shop.
 37536 | Snake:4  | Identified the cursed +1 robe "Fimat" {rPois}
 37571 | Snake:4  | HP: 7/162 [nagaraja/orb of energy (21)]
 37580 | Snake:4  | HP: 7/162 [poisoned by a nagaraja (poison arrow)]
 37580 | Snake:4  | Mangled by a guardian serpent

Levels and vault maps discovered:
D:1:      scummos_arrival_simple_crosswalls, layout_basic, st_stairs_6
D:2:      layout_loops_ring, first_ration, minmay_fractal_squares_5, uniq_robin
D:3:      layout_loops_ring, evilmike_ruin_ashenzari
D:4:      layout_basic, grunt_temple_overflow_champion_of_chaos, uniq_pikel,
          uniq_eustachio
D:5:      layout_rooms, zin_angel, gammafunk_temple_overflow_forgotten,
          basic_altar
D:6:      layout_loops_cross, minmay_temple_entry_slanted, serial_shops, shop
D:7:      layout_basic, nicolae_overflow_hidden_temple,
          nicolae_ru_path_of_blood, uniq_menkaure
D:8:      layout_rooms, erik_lair_orcish_takeover
D:9:      layout_irregular_city, orc_0_dummy, basic_altar,
          hangedman_pestilent_swarm, minmay_bent
D:10:     layout_roguey, serial_shops, shop, shop
D:11:     layout_loops_ring, special_room [special_room_orc], serial_shops,
          shop, uniq_sonja, uniq_maurice, uniq_grum
D:12:     minmay_the_grid_triangle_9x9_rhombus_thin_mashed
          [minmay_the_grid_triangle_9x9_checkered,
          minmay_the_grid_triangle_9x9_prize_top_heavy,
          minmay_the_grid_triangle_9x9_zippers_horizontal,
          minmay_the_grid_triangle_9x9_corruption], layout_loops_ring,
          minivault_27, ebering_dispersal_statue_hall
D:13:     layout_basic, grunt_vaults_entry_tiered, uniq_frances
D:14:     layout_grid_maze, kennysheep_another_room, billiards_dpeg
D:15:     gammafunk_enter_depths_forms, layout_irregular_city,
          nicolae_dithmenos_shadow_blocks, serial_column_ruins,
          column_ruins_temple_hall, column_ruins_circle_large,
          column_ruins_corridor_straight, column_ruins_grid_1,
          column_ruins_open_tiny, column_ruins_grid_3, column_ruins_open_medium,
          nicolae_qazlal_style_of_elements, uniq_kirke
Lair:1:   layout_regular_city, grunt_megastairs_1
Lair:2:   layout_long_grid, minmay_snake_entry_guardpost_small,
          serial_bayou_pond_e
Lair:3:   pond_and_an_island_with_a_cottage, layout_loops_ring,
          minmay_shoals_entry_centaurs, basic_altar, infiniplex_staircase_pool
Lair:4:   layout_cave_pods, ebering_ghost_xom, hibernation_bobbens,
          uniq_nergalle
Lair:5:   layout_regular_city, beast_lair_carwin_11, uniq_josephine
Lair:6:   gammafunk_lair_ancient_temple, layout_long_grid, slime_altar_1,
          kennysheep_abandoned_house
Snake:1:  layout_onion_interference, ebering_ghost_reflecting_pool,
          grunt_ministairs_9
Snake:2:  layout_cave_shapes, st_stairs_7, minmay_shop_grove
Snake:3:  layout_onion, ebering_ghost_gozag, st_stairs_5,
          nicolae_snake_single_loop, serial_bayou_shore_b
Snake:4:  johnstein_snake_rune_scales, layout_grid_shapes, minmay_shop_star,
          grunt_megastairs_3
Orc:1:    layout_caves
Orc:2:    grunt_orc_cross, layout_caves, basic_altar, gammafunk_ghost_arena,
          nooodl_orcs_dogs, uniq_donald

Skill      XL: |  1  2  3  4  5  6  7  8  9 10 11 12 13 14 15 16 17 |
---------------+----------------------------------------------------+-----
Axes           | 3 4 5 6 7 9 11 12 13 15 16 17 19 | 19.5
Shields        | 4 5 6 7 8 9 11 12 | 12.7
Fighting       | 4 5 6 7 8 9 11 12 14 15 16 17 | 17.5
Armour         | 4 5 6 7 8 9 11 12 13 14 15 16 | 16.8
Long Blades    | 1 |  1.4
Dodging        | 6 11 12 13 14 | 14.1

Action                   |  1- 3 |  4- 6 |  7- 9 | 10-12 | 13-15 | 16-18 || total
-------------------------+-------+-------+-------+-------+-------+-------++-------
Melee: War axe           |    78 |   156 |   297 |   384 |       |       ||   915
       Headbutt          |    10 |    15 |    56 |   249 |   477 |   164 ||   971
       Scimitar          |       |       |       |   533 |   501 |       ||  1034
       Broad axe         |       |       |       |       |  1166 |   587 ||  1753
Throw: Dart              |       |       |       |       |     9 |       ||     9
Invok: Curse Item        |       |     2 |     2 |     1 |     4 |       ||     9
Evoke: Wand              |       |       |       |       |     1 |       ||     1
  Use: Potion            |       |     1 |     5 |     4 |     5 |     8 ||    23
       Scroll            |       |     5 |    10 |     7 |    20 |     7 ||    49
  Eat: Chunk             |       |     8 |    11 |    18 |    26 |     1 ||    64
       Ration            |       |       |       |     6 |     8 |     4 ||    18
Armor: Scale mail        |     9 |       |       |       |       |       ||     9
       Plate armour      |    37 |   136 |   145 |   306 |       |       ||   624
       Chain mail        |       |       |       |   184 |   730 |   220 ||  1134
Dodge: Dodged            |    20 |    27 |    53 |   187 |   674 |   257 ||  1218
Block: Shield            |    41 |    92 |   155 |   586 |  1367 |   493 ||  2734
       Reflection        |       |       |       |       |    29 |    83 ||   112
       Rpst.: Scimitar   |       |       |       |    38 |    55 |       ||    93
